Map: Base du roi Sejong EC

Players

RedBaron

  • Race: Zerg Zerg
  • League: Platinum

IA (très facile) - Winner!

  • Race: Protoss Protoss

VOD

Have the link to the VOD?

Description

Time

  • Played on: Aug. 29, 2016, 3:31 a.m.
  • Length: 5:34
Show
View Real Time Build Order
Export as new Build Order

RedBaron Zerg 

Build Orders: Hatch First 

Get SALT Encoding   

  12  0:01  Drone  
  13  0:12  Overlord  
  13  0:18  Drone  
  14  0:31  Drone x2  
  16  0:35  Drone  
  17  0:54  Hatchery  
  16  0:59  Drone  
  16  1:03  Extractor, Drone  
  17  1:08  Drone  
  18  1:20  Spawning Pool  
  18  1:24  Drone  
  18  1:29  Drone  
  19  1:39  Overlord  
  19  1:50  Drone  
  20  2:02  Drone  
  20  2:07  Queen  
  23  2:08  Queen  
  23  2:13  Metabolic Boost  
  25  2:19  Zergling x2  
  26  2:23  Drone  
  26  2:25  Drone x2  
  29  2:34  Overlord  
  29  2:41  Drone  
  29  2:42  Drone  
  31  2:47  Queen  
  31  2:50  Queen  
  35  2:58  Roach Warren  
  35  3:04  Extractor  
  33  3:11  Hatchery  
  32  3:19  Drone x2  
  34  3:33  Drone x4  
  38  3:36  Drone  
  38  3:38  Overlord  
  38  3:41  Overlord  
  39  3:51  Drone x2  
  39  3:52  Drone  
  39  3:53  Drone  
  43  4:09  Drone x2  
  45  4:12  Lair  
  45  4:16  Extractor  
  44  4:17  Drone  
  44  4:18  Drone x3  
  44  4:19  Extractor, Drone  
  44  4:20  Overlord  
  44  4:23  Overlord  
  48  4:43  Evolution Chamber  
  48  4:45  Evolution Chamber  
  46  4:47  Drone x4  
  46  4:48  Drone x2  
  52  4:53  Queen  
  52  4:57  Drone  
  55  5:10  Drone x3  
  55  5:11  Drone x2  
  55  5:12  Overlord x2  
Show
View Real Time Build Order
Export as new Build Order

IA (très facile) Protoss - Winner!

Build Orders: 1 Gate Expand, Nexus First 

Get SALT Encoding   

  12  0:01  Probe (Chrono Boost)  
  13  0:11  Probe (Chrono Boost)  
  14  0:19  Pylon  
  14  0:42  Gateway  
  14  1:01  Nexus  
  14  1:18  Pylon  
  14  1:21  Assimilator  
  14  1:26  Zealot  
  16  1:34  Cybernetics Core  
  16  1:36  Probe (Chrono Boost)  
  17  1:48  Probe (Chrono Boost)  
  18  1:57  Assimilator  
  18  1:59  Probe (Chrono Boost)  
  19  2:09  Stalker  
  19  2:10  Probe (Chrono Boost)  
  19  2:13  Warp Gate, Probe (Chrono Boost)  
  23  2:21  Probe (Chrono Boost)  
  24  2:29  Probe (Chrono Boost)  
  25  2:35  Probe (Chrono Boost)  
  26  2:49  Probe (Chrono Boost)  
  26  2:50  Assimilator  
  27  2:52  Pylon  
  27  2:56  Probe (Chrono Boost)  
  28  3:04  Probe (Chrono Boost)  
  29  3:10  Probe (Chrono Boost)  
  30  3:16  Robotics Facility  
  30  3:18  Probe (Chrono Boost)  
  31  3:22  Zealot  
  33  3:33  Probe (Chrono Boost)  
  34  3:39  Probe (Chrono Boost)  
  35  3:47  Probe (Chrono Boost)  
  36  3:54  Probe (Chrono Boost)  
  37  4:00  Probe (Chrono Boost)  
  38  4:03  Observer  
  38  4:09  Probe (Chrono Boost)  
  40  4:15  Probe (Chrono Boost)  
  41  4:22  Assimilator, Observer, Probe (Chrono Boost)  
  42  4:30  Probe (Chrono Boost)  
  44  4:36  Stalker  
  44  4:37  Probe (Chrono Boost)  
  47  4:39  Pylon  
  47  4:45  Probe (Chrono Boost)  
  48  4:50  Probe (Chrono Boost)  
  49  4:58  Probe (Chrono Boost)  
  50  5:19  Probe (Chrono Boost)  
Tags
 
Add a new tag
Caveats
  • Supply blocks, unpowered buildings, or Contaminate may cause inaccurate times.
  • Supply counts are checked every 10 seconds.